 Dungeon Crawl Stone Soup version 0.23.0 (webtiles) character file.

Game seed: 15486527548499291006

310 Gadfly the Sneak (level 6, -1/39 HPs)
             Began as an Octopode Artificer on Feb 18, 2019.
             Slain by an ice beast (8 damage)
             ... on level 5 of the Dungeon.
             The game lasted 00:06:44 (2789 turns).

Gadfly the Sneak (Octopode Artificer)               Turns: 2789, Time: 00:06:45

Health: -1/39      AC:  3    Str: 11      XL:     6   Next: 41%
Magic:  8/8        EV: 14    Int: 14      God:
Gold:   109        SH:  0    Dex: 16 (17) Spells: 5/5 levels left

rFire    + . .     SeeInvis .   l - +2 short sword (drain)
rCold    . . .     Gourm    .   (no shield)
rNeg     . . .     Faith    .   (helmet restricted)
rPois    .         Spirit   .   (no amulet)
rElec    .         Reflect  .   q - +3 ring of dexterity
rCorr    .         Harm     .   w - ring of protection from magic
MR       +....                  (no ring)
Stlth    +++++.....             (no ring)
HPRegen  0.13/turn              (no ring)
MPRegen  0.11/turn              (no ring)
                                (no ring)
                                (no ring)

@: no status effects
A: almost no armour, stealthy swim, amphibious, 8 rings, constrict 8, molten
scales 1, camouflage 1, blurry vision 1, deterioration 1, fire resistance 1,
gelatinous body 1
a: no special abilities


You were on level 5 of the Dungeon.
You were hungry.

You visited 1 branch of the dungeon, and saw 5 of its levels.

You collected 219 gold pieces.
You spent 110 gold pieces at shops.

Inventory:

Hand Weapons
 l - a +2 short sword of draining (weapon)
 m - a +1 short sword of freezing
Armour
 k - a +2 shield
Jewellery
 h - an uncursed amulet of regeneration {unknown}
 q - a +3 ring of dexterity (left tentacle)
 w - a ring of protection from magic (right tentacle)
Wands
 b - a wand of flame (15)
 c - a wand of enslavement (15)
 d - a wand of random effects (15)
Scrolls
 a - a scroll of amnesia {unknown}
 e - 2 scrolls of remove curse {unknown}
 i - a scroll of noise {unknown}
 n - a scroll of blinking {unknown}
 o - 2 scrolls of teleportation {unknown}
 t - 3 scrolls of magic mapping {unknown}
 v - a scroll of fear {unknown}
 y - a scroll of enchant weapon {unknown}
Potions
 g - 2 potions of lignification
 j - a potion of cancellation {unknown}
 p - a potion of flight
 r - 3 potions of haste
 s - a potion of agility {unknown}
 u - 2 potions of curing
 x - 2 potions of heal wounds
 z - a potion of might
Comestibles
 f - 4 rations


   Skills:
 + Level 2.0 Fighting
 + Level 1.9 Short Blades
 + Level 2.5 Dodging
 * Level 7.0 Stealth
 + Level 1.3 Shields
 + Level 3.8 Evocations


You had 5 spell levels left.
You didn't know any spells.
Your spell library was empty.

Dungeon Overview and Level Annotations

Branches:
Dungeon (5/15)
 Temple: D:4-7

Altars:
Ashenzari
Cheibriados
Dithmenos
Ru
Trog
Uskayaw
Yredelemnul

Shops:
D:4 !


Innate Abilities, Weirdness & Mutations

You cannot wear most types of armour.
You are very stealthy in the water. (Stealth+)
You are amphibious.
You can wear up to eight rings at the same time.
You can use your tentacles to constrict eight enemies at once.
Your skin changes colour to match your surroundings (Stealth+).
Your rubbery body absorbs attacks. (AC +1, EV +1)
You are partially covered in molten scales. (AC +2)
Scrolls take you a little longer to read.
Your body sometimes deteriorates upon taking damage.
Your flesh is heat resistant. (rF+)


Message History

Found 22 sling bullets.
You hit the ice beast but do no damage. The ice beast barely misses you.
You hit the ice beast.
The ice beast is moderately wounded.
The ice beast hits you. The ice beast freezes you!
* * * LOW HITPOINT WARNING * * *
You are too injured to fight recklessly!
You hit the ice beast.
The ice beast is moderately wounded.
The ice beast hits you but does no damage.
You hit the ice beast but do no damage. You drain the ice beast.
You squeeze the ice beast.
The ice beast is heavily wounded.
The ice beast barely misses you.
You hit the ice beast.
The ice beast is severely wounded.
The ice beast hits you.
* * * LOW HITPOINT WARNING * * *
The ice beast freezes you!
You die...

#...#.### #.#.#...######
..............
#####.#.#############
#..<..#.# #.........#
#.#...#.# #.........#
#.#...#.# #....<....+
#.#...#.# #...$....%###.
#.#...#.# #.....@Y......
..#.###.###.............
###.#.....#.............
###.#...#.#............(
........................
.#####..#.##########....
##.≈≈####.# ..?#
.(≈≈≈≈≈##.# Z..
..≈≈≈≈≈≈###


You could see an ice beast and a worker ant zombie (dormant).

Vanquished Creatures
  A phantom (D:5)
  A hound (D:5)
  A worker ant (D:4)
  A hound skeleton (D:4)
  4 adders
  3 gnolls (D:3)
  An ooze (D:4)
  An adder skeleton (D:4)
  2 worms (D:2)
  2 dart slugs
  4 leopard geckos
  6 orcs
  7 giant cockroaches
  4 goblins
  2 hobgoblins
  7 jackals
  A quokka (D:2)
  10 bats
  2 frilled lizards
  6 kobolds
  6 rats
72 creatures vanquished.

Notes
Turn   | Place    | Note
-------+----------+-------------------------------------------
     0 | D:1      | Gadfly the Octopode Artificer began the quest for the Orb.
     0 | D:1      | Reached XP level 1. HP: 13/13 MP: 3/3
    21 | D:1      | Reached skill level 2 in Stealth
   209 | D:1      | Reached XP level 2. HP: 17/18 MP: 4/4
   237 | D:1      | Reached skill level 3 in Stealth
   413 | D:1      | Reached skill level 4 in Stealth
   436 | D:1      | Reached XP level 3. HP: 23/23 MP: 5/5
   633 | D:2      | Found a sacrificial altar of Ru.
   743 | D:2      | Reached skill level 5 in Stealth
   785 | D:2      | Reached XP level 4. HP: 16/28 MP: 6/6
  1202 | D:2      | Found a hide-covered altar of Uskayaw.
  1202 | D:2      | Found a basalt altar of Yredelemnul.
  1204 | D:2      | Found a bloodstained altar of Trog.
  1204 | D:2      | Found a snail-covered altar of Cheibriados.
  1389 | D:2      | Reached skill level 6 in Stealth
  1824 | D:3      | Found a shadowy altar of Dithmenos.
  1830 | D:3      | Reached XP level 5. HP: 33/33 MP: 7/7
  2097 | D:3      | Gained mutation: Your muscles are strong. (Str +2) [potion
                  | of mutation]
  2097 | D:3      | Gained mutation: You are frail. (-10% HP) [potion of
                  | mutation]
  2097 | D:3      | Gained mutation: You have supernaturally acute eyesight.
                  | (SInv) [potion of mutation]
  2098 | D:3      | Lost mutation: You have supernaturally acute eyesight.
                  | (SInv) [potion of mutation]
  2098 | D:3      | Lost mutation: You are frail. (-10% HP) [potion of
                  | mutation]
  2098 | D:3      | Lost mutation: Your muscles are strong. (Str +2) [potion of
                  | mutation]
  2098 | D:3      | Gained mutation: Your body sometimes deteriorates upon
                  | taking damage. [potion of mutation]
  2098 | D:3      | Gained mutation: Your flesh is heat resistant. (rF+)
                  | [potion of mutation]
  2098 | D:3      | Gained mutation: Scrolls take you a little longer to read.
                  | [potion of mutation]
  2098 | D:3      | Gained mutation: You are partially covered in molten
                  | scales. (AC +2) [potion of mutation]
  2274 | D:4      | Found a shattered altar of Ashenzari.
  2410 | D:4      | Found Esekom's Distillery.
  2417 | D:4      | Bought a potion of might for 44 gold pieces
  2417 | D:4      | Bought a potion of curing for 33 gold pieces
  2417 | D:4      | Bought a potion of lignification for 33 gold pieces
  2674 | D:5      | Entered Level 5 of the Dungeon
  2699 | D:5      | Noticed a phantom
  2716 | D:5      | Reached skill level 1 in Shields
  2716 | D:5      | Reached XP level 6. HP: 37/39 MP: 8/8
  2729 | D:5      | Killed a phantom
  2729 | D:5      | Reached skill level 7 in Stealth
  2780 | D:5      | Noticed an ice beast
  2789 | D:5      | Slain by an ice beast

Skill      XL: |  1  2  3  4  5  6 |
---------------+-------------------+-----
Stealth        | 2 4 5 6 7 |  7.0
Shields        | 1 |  1.3
Fighting       | 2 |  2.0
Short Blades   | |  1.9
Dodging        | |  2.5
Evocations     | |  3.8

Action                   |  1- 3 |  4- 6 || total
-------------------------+-------+-------++-------
Melee: Short sword       |    64 |    65 ||   129
       Constrict         |    19 |     9 ||    28
       Tentacles         |    11 |     7 ||    18
  Use: Scroll            |       |     5 ||     5
       Potion            |       |     2 ||     2
 Stab: Sleeping          |     6 |    16 ||    22
       Distracted        |     2 |     1 ||     3
  Eat: Chunk             |       |     5 ||     5
Armor: Skin              |     6 |     9 ||    15
Dodge: Dodged            |    45 |    27 ||    72
